AoeStats
← WolfAtic

Black Forest

510366339Analyzed
4v4 RM · 15h ago on Sep 30, 2026· 52m 7s· 8 players
Game mode
Random Map
Map size
Large (8 player)
Population
200
Speed
Normal
Resources
Standard
Victory
Conquest
Starting age
Dark Age
Ending age
Imperial Age
RankedLock teamsTeams togetherTeam positionsShared explorationLock speedFull tech treeHidden civsTurbo modeCheats
Victory
Defeat
🇳🇴 Danes · Norway
1168
+16
🇹🇼 Goths · Taiwan
1151
+17
🇺🇸 Koreans · United States
1145
+17
🇨🇳 Persians · China
1095
+19
🇨🇴 Khmer · Colombia
1200
-20
🇸🇮 Danes · Slovenia
1195
-18
🇬🇷 Mongols · Greece
1148
-16
🇹🇷 Celts · Türkiye
1102
-15
PERCENT5175
0:33 Loom
11:06 Feudal Age
11:28 Man-at-Arms
15:44 Double-Bit Axe
21:34 Castle Age
20:17 Stone Mining
20:28 Horse Collar
21:49 Gold Mining
22:19 Heavy Plow
22:38 Bow Saw
28:17 Wheelbarrow
27:50 Town Watch
28:55 Stone Shaft Mining
34:01 Imperial Age
31:20 Treadmill Crane
31:56 Scale Mail Armor
31:47 Fletching
32:59 Fervor
32:16 Pikeman
32:57 Squires
33:15 Chain Mail Armor
33:12 Elite Skirmisher
34:57 Forging
35:11 Conscription
35:55 Chemistry
34:28 Halberdier
35:50 Sanctity
36:21 Iron Casting
35:45 Bodkin Arrow
36:14 Ballistics
35:24 Long Swordsman
36:30 Two-Handed Swordsman
39:02 Hand Cart
39:26 Iron Casting
38:44 Champion
39:49 Masonry
41:22 Crop Rotation
40:55 Padded Archer Armor
41:52 Anarchy
41:57 Bracer
41:43 Capped Ram
42:53 Herbal Medicine
45:30 Two-Man Saw
45:59 Blast Furnace
46:11 Architecture
46:02 Leather Archer Armor
47:30 Scale Barding Armor
47:45 Town Patrol
47:42 Murder Holes
49:10 Coinage
50:34 Perfusion
51:24 Guilds
52:01 Ring Archer Armor
50:57 Elite Huskarl
夙川惠璃
10:48 Feudal Age
11:21 Double-Bit Axe
11:19 Horse Collar
16:49 Castle Age
16:51 Stone Mining
17:36 Bow Saw
21:12 Wheelbarrow
24:44 Hand Cart
25:31 Heavy Plow
29:27 Imperial Age
27:37 Scale Barding Armor
27:45 Forging
27:54 Gold Mining
28:43 Stone Shaft Mining
29:04 Chain Barding Armor
30:09 Conscription
30:31 Iron Casting
30:30 Elite War Elephant
32:19 Gold Shaft Mining
32:56 Plate Barding Armor
35:20 Blast Furnace
34:24 Husbandry
34:34 Bloodlines
35:01 Loom
38:31 Fletching
WolfAtic
5:11 Loom
13:30 Feudal Age
14:45 Double-Bit Axe
14:43 Fishing Lines
15:00 Horse Collar
20:15 Castle Age
18:32 Gold Mining
18:34 Stone Mining
22:14 Bow Saw
23:07 Gold Shaft Mining
22:21 Horse Collar
22:42 Gillnets
23:37 Gold Shaft Mining
29:34 Bloodlines
29:25 Husbandry
29:36 Forging
29:27 Scale Mail Armor
29:42 Squires
29:28 Arson
29:28 Gambesons
31:08 Heavy Plow
33:58 Imperial Age
33:39 Wheelbarrow
32:49 Town Watch
33:35 Ballistics
33:58 Stone Shaft Mining
33:47 Forging
33:37 Scale Mail Armor
33:27 Fletching
34:08 Northmen's Fury
34:09 Elite Jomsviking
35:09 Conscription
34:14 Onager
34:59 Hamask
35:58 Siege Onager
39:45 Caravan
40:22 Fervor
41:21 Chemistry
40:33 Masonry
40:28 Siege Engineers
40:40 Hand Cart
40:25 Town Patrol
43:21 Iron Casting
43:01 Chain Mail Armor
42:42 Bodkin Arrow
42:47 Padded Archer Armor
49:37 Blast Furnace
49:07 Plate Mail Armor
rafed123
0:51 Loom
0:56 Loom
14:45 Feudal Age
15:27 Double-Bit Axe
16:38 Gold Mining
19:13 Horse Collar
20:01 Fletching
28:55 Castle Age
30:43 Wheelbarrow
30:59 Gold Shaft Mining
31:11 Bow Saw
31:04 Heavy Plow
37:59 Imperial Age
35:46 Hand Cart
39:05 Town Watch
42:03 Conscription
42:31 Caravan
42:20 Heavy Rocket Cart
46:03 Shinkichon
47:54 Bodkin Arrow
48:12 Masonry
JANGEL4107
0:27 Loom
12:06 Feudal Age
14:45 Wheelbarrow
16:39 Castle Age
15:42 Horse Collar
15:56 Double-Bit Axe
16:06 Gold Mining
16:08 Stone Mining
16:10 Fishing Lines
23:54 Bow Saw
24:35 Heavy Plow
24:50 Gillnets
25:40 Stone Shaft Mining
26:22 Hand Cart
25:53 Town Watch
30:07 Imperial Age
29:20 Gold Shaft Mining
29:21 Ballistics
29:30 Bloodlines
29:21 Husbandry
29:36 Light Cavalry
31:10 Double Crossbow
33:28 Chemistry
33:14 Scale Barding Armor
34:04 Forging
33:46 Fletching
35:20 Pikeman
36:05 Scale Mail Armor
36:43 Elite Ballista Elephant
38:44 Halberdier
41:21 Chain Mail Armor
41:41 Iron Casting
41:28 Chain Barding Armor
46:31 Hoardings
48:42 Murder Holes
48:53 Siege Engineers
48:59 Masonry
50:11 Blast Furnace
m00n
0:38 Loom
10:22 Feudal Age
11:23 Man-at-Arms
13:30 Arson
14:31 Wheelbarrow
13:48 Double-Bit Axe
13:47 Horse Collar
15:22 Horse Collar
23:20 Castle Age
26:56 Bow Saw
26:47 Heavy Plow
31:03 Masonry
32:54 Hand Cart
37:33 Imperial Age
35:33 Gold Mining
35:34 Stone Mining
35:53 Hamask
36:37 Scale Mail Armor
36:47 Forging
37:00 Ballistics
37:28 Gold Shaft Mining
37:29 Stone Shaft Mining
38:25 Squires
38:02 Pikeman
38:10 Onager
38:48 Gambesons
38:24 Long Swordsman
39:51 Chain Mail Armor
40:11 Iron Casting
39:33 Two-Handed Swordsman
43:54 Capped Ram
rzylmz10
6:35 Loom
16:25 Feudal Age
16:45 Man-at-Arms
17:11 Arson
17:12 Horse Collar
17:49 Gold Mining
18:12 Double-Bit Axe
18:47 Scale Mail Armor
19:50 Forging
26:52 Castle Age
25:13 Stone Mining
29:26 Iron Casting
29:07 Chain Mail Armor
29:04 Bow Saw
28:59 Heavy Plow
30:35 Wheelbarrow
29:46 Town Watch
30:42 Gold Shaft Mining
gpal23
6:48 Loom
12:48 Feudal Age
13:51 Horse Collar
17:40 Double-Bit Axe
20:54 Castle Age
19:21 Fletching
21:57 Bow Saw
25:44 Wheelbarrow
28:08 Hand Cart
28:19 Heavy Plow
29:15 Gold Mining
29:20 Fishing Lines
31:55 Fervor
31:52 Caravan
34:44 Imperial Age
32:28 Masonry
32:38 Bodkin Arrow
32:43 Padded Archer Armor
33:07 Ballistics
33:33 Gold Shaft Mining
32:20 Pikeman
33:00 Squires
33:31 Gillnets
35:16 Murder Holes
36:41 Chemistry
35:43 Bracer
35:59 Leather Archer Armor
35:37 Stone Mining
37:54 Scale Barding Armor
39:42 Parthian Tactics
38:48 Elite Steppe Lancer
39:39 Bloodlines
39:29 Husbandry
40:26 Chain Barding Armor
40:30 Conscription
41:43 Forging
44:16 Iron Casting
47:12 Blast Furnace
Connection lost

Rejoining the realm…

Still unreachable

The connection could not be restored.

Session expired

The server has moved on; the page needs a fresh start.